Map: Mech Depot LE

Players

MrMental

  • Race: Protoss Protoss
  • League: Gold
  • Spawn Location: 7:00

FlyingPuppy - Winner!

  • Race: Zerg Zerg
  • League: Gold
  • Spawn Location: 1:00

VOD

Have the link to the VOD?

Description

Time

  • Played on: Aug. 13, 2017, 9:46 a.m.
  • Length: 11:39
Show
View Real Time Build Order
Export as new Build Order

MrMental Protoss 

Build Orders: 1 Gate Expand 

Get SALT Encoding   

  12  0:01  Probe (Chrono Boost)  
  13  0:13  Pylon  
  13  0:17  Probe (Chrono Boost)  
  14  0:27  Probe (Chrono Boost)  
  15  0:34  Gateway  
  15  0:41  Probe (Chrono Boost)  
  16  0:45  Assimilator  
  16  0:51  Probe (Chrono Boost)  
  17  1:02  Probe (Chrono Boost)  
  18  1:12  Probe (Chrono Boost)  
  19  1:23  Probe (Chrono Boost)  
  20  1:31  Nexus  
  21  1:40  Probe (Chrono Boost)  
  21  1:44  Cybernetics Core  
  21  1:52  Pylon  
  21  2:01  Probe (Chrono Boost)  
  21  2:04  Assimilator  
  22  2:12  Probe (Chrono Boost)  
  23  2:21  Warp Gate  
  23  2:22  Adept  
  25  2:30  Mothership Core (Chrono Boost)  
  27  2:42  Gateway  
  27  2:48  Probe (Chrono Boost)  
  27  2:49  Probe (Chrono Boost)  
  27  2:50  Gateway  
  29  2:57  Pylon  
  29  2:59  Probe (Chrono Boost)  
  29  3:00  Probe (Chrono Boost)  
  31  3:09  Probe (Chrono Boost)  
  31  3:10  Probe (Chrono Boost)  
  31  3:12  Adept  
  36  3:20  Probe (Chrono Boost), Gateway  
  36  3:33  Pylon, Probe (Chrono Boost)  
  37  3:38  Adept  
  37  3:39  Probe (Chrono Boost), Adept  
  42  3:45  Assimilator, Probe (Chrono Boost)  
  43  3:50  Probe (Chrono Boost)  
  44  3:59  Probe (Chrono Boost)  
  44  4:00  Probe (Chrono Boost)  
  46  4:10  Probe (Chrono Boost)  
  46  4:13  Probe (Chrono Boost)  
  50  4:21  Assimilator, Probe (Chrono Boost)  
  50  4:23  Probe (Chrono Boost)  
  52  4:29  Stalker  
  52  4:30  Stalker  
  55  4:31  Probe (Chrono Boost)  
  55  4:36  Stargate  
  55  4:46  Probe (Chrono Boost)  
  55  4:47  Probe (Chrono Boost)  
  55  4:50  Pylon  
  57  4:57  Probe (Chrono Boost)  
  57  4:58  Twilight Council  
  58  5:04  Gateway  
  58  5:11  Gateway  
  61  5:27  Adept x2  
  65  5:32  Nexus  
  65  5:35  Resonating Glaives  
  65  5:46  Oracle  
  65  5:56  Pylon  
  59  6:03  Adept  
  46  6:18  Adept  
  45  6:19  Adept x2  
  45  6:21  Adept  
  46  6:32  Probe x2 (Chrono Boost)  
  45  6:42  Pylon, Probe x2 (Chrono Boost)  
  45  6:45  Adept x2  
  49  6:47  Adept x2  
  49  6:48  Adept  
  49  7:00  Pylon  
  45  7:06  Adept  
  45  7:07  Adept  
  45  7:08  Adept  
  47  7:17  Probe (Chrono Boost)  
  47  7:19  Probe (Chrono Boost)  
  47  7:20  Probe (Chrono Boost)  
  50  7:28  Probe (Chrono Boost)  
  52  7:30  Probe (Chrono Boost)  
  52  7:31  Phoenix  
  52  7:36  Charge  
  54  7:38  Templar Archives, Probe (Chrono Boost)  
  54  7:40  Pylon  
  54  7:43  Pylon, Mothership Core (Chrono Boost)  
  57  7:44  Probe (Chrono Boost)  
  57  7:48  Gateway  
  57  7:49  Probe (Chrono Boost)  
  59  7:52  Pylon  
  59  7:55  Probe (Chrono Boost)  
  59  7:56  Adept x2  
  59  7:57  Adept  
  66  8:06  Adept x2  
  66  8:10  Probe x3 (Chrono Boost)  
  73  8:22  Phoenix  
  75  8:35  Stalker x2  
  75  8:36  Stalker x2  
  75  8:39  Probe x3 (Chrono Boost)  
  86  8:44  Psionic Storm  
  86  8:52  Phoenix  
  86  9:17  High Templar  
  86  9:18  High Templar  
  86  9:22  Blink  
  86  9:23  Phoenix  
  92  9:25  Archon  
  92  9:28  High Templar  
  92  9:29  High Templar  
  92  9:30  Probe (Chrono Boost)  
  92  9:31  Probe (Chrono Boost)  
  98  9:33  Pylon  
  98  9:36  Pylon  
  96  9:51  Stalker  
  96  9:52  Stalker  
  87  10:06  High Templar x2  
  81  10:18  High Templar x2  
  81  10:20  Archon  
  85  10:22  Archon  
  77  10:44  High Templar  
  77  10:45  High Templar  
  77  10:46  High Templar x2  
  77  10:49  Archon  
  85  10:50  Archon  
  85  11:00  Zealot x2  
  89  11:05  Pylon  
  89  11:09  Pylon  
  75  11:27  Zealot x2  
  75  11:28  Zealot  
Show
View Real Time Build Order
Export as new Build Order

FlyingPuppy Zerg - Winner!

Build Orders: Hatch First 

Get SALT Encoding   

  12  0:01  Drone  
  13  0:12  Overlord  
  13  0:17  Drone  
  14  0:31  Drone x2  
  16  0:36  Drone  
  17  0:54  Hatchery  
  16  1:01  Extractor, Drone  
  16  1:02  Drone  
  17  1:17  Spawning Pool  
  16  1:24  Drone x2  
  18  1:28  Drone  
  19  1:40  Overlord  
  19  2:06  Roach Warren  
  19  2:07  Extractor, Queen  
  19  2:08  Queen  
  21  2:09  Zergling x2  
  21  2:12  Zergling x2  
  23  2:16  Zergling x2  
  23  2:20  Zergling x2  
  25  2:27  Drone  
  25  2:28  Drone  
  27  2:31  Drone  
  28  2:38  Metabolic Boost  
  28  2:45  Drone  
  28  2:46  Drone  
  30  2:52  Overlord  
  30  3:05  Drone  
  30  3:06  Drone x2  
  33  3:13  Drone x2  
  35  3:31  Drone x2, Overlord  
  37  3:36  Queen  
  37  3:38  Lair  
  38  4:08  Overlord  
  38  4:09  Roach x2  
  46  4:10  Roach x5  
  52  4:19  Overlord x2  
  52  4:29  Drone x2  
  52  4:30  Drone  
  55  4:48  Glial Reconstitution  
  55  4:51  Zergling x10  
  55  4:52  Zergling x2  
  61  4:54  Ravager x3  
  61  4:55  Ravager  
  65  5:05  Roach  
  67  5:07  Overlord  
  67  5:17  Extractor  
  67  5:18  Hatchery, Drone x2  
  67  5:19  Drone  
  50  6:03  Zergling x2  
  55  6:04  Zergling x26  
  61  6:32  Hydralisk Den  
  52  6:44  Evolution Chamber  
  52  6:45  Evolution Chamber  
  42  7:02  Muscular Augments  
  38  7:17  Queen  
  38  7:22  Drone x6  
  44  7:23  Overlord x2  
  44  7:32  Overseer  
  44  7:35  Zerg Missile Weapons Level 1  
  44  7:36  Zerg Ground Armor Level 1  
  44  7:45  Extractor, Drone x4  
  44  7:46  Zergling x4  
  44  7:47  Zergling x12  
  55  7:53  Queen  
  57  8:07  Drone  
  57  8:08  Drone x2  
  57  8:09  Drone x3, Overlord  
  57  8:10  Overlord, Hydralisk x3  
  69  8:22  Hydralisk x6  
  69  8:23  Hydralisk x2  
  85  8:43  Overlord x2  
  85  8:46  Hydralisk x2  
  85  8:47  Hydralisk x3  
  95  9:10  Overlord x2  
  95  9:11  Overlord  
  95  9:15  Infestation Pit, Hydralisk x2  
  95  9:16  Hydralisk  
  100  9:18  Zergling x2  
  100  9:19  Zergling x10  
  106  9:29  Drone  
  107  9:34  Drone x3  
  110  9:46  Overseer  
  98  10:10  Hydralisk  
  98  10:11  Hydralisk x6  
  106  10:56  Drone  
  106  10:57  Drone  
  108  11:04  Extractor  
  107  11:10  Drone  
  107  11:11  Drone x2, Hydralisk  
  110  11:12  Hydralisk x5  
Tags
 
Add a new tag
Caveats
  • Supply blocks, unpowered buildings, or Contaminate may cause inaccurate times.
  • Supply counts are checked every 10 seconds.